 Dungeon Crawl Stone Soup version 0.31-a0-117-g42d8f58691 (webtiles) character file.

Game seed: 6610449444220394609

405 MackTheKnife the Cutter (level 6, 0/31 (32) HPs)
             Began as a Vine Stalker Berserker on May 30, 2023.
             Was a Follower of Trog.
             Slain by a wight
             ... wielding a +0 scimitar
              (11 damage)
             ... on level 6 of the Dungeon.
             The game lasted 00:04:12 (1085 turns).

MackTheKnife the Cutter (Vine Stalker Berserker)    Turns: 1085, Time: 00:04:12

HP:   0/31 (32)     AC:  5    Str: 23    XL:     6   Next: 87%
MP:   0/7           EV: 11    Int: 12    God:    Trog [*.....]
Gold: 87            SH:  0    Dex: 15    Spells: 5/5 levels left

rFire   . . .        a - +0 short sword {short}
rCold   + . .        (no shield)
rNeg    + . .        o - +0 ring mail
rPois   .            (no helmet)
rElec   .            (no cloak)
rCorr   .            (no gloves)
SInv    .            (no boots)
Will    .....        (no amulet)
Stlth   +            c - ring of positive energy
HPRegen 1.05/turn    g - +6 ring of intelligence
MPRegen 0.10/turn

%: guardian spirit
@: lightly drained
A: fangs 2, regeneration 1, magic shield, antimagic bite, no potion heal 2, cold
resistance 1, strong 1
a: Renounce Religion, Berserk


You were on level 6 of the Dungeon.
You worshipped Trog.
Trog was aware of your devotion.
You visited 1 branch of the dungeon, and saw 6 of its levels.

You collected 87 gold pieces.


Innate Abilities, Weirdness & Mutations

You have extremely sharp teeth.
Your natural rate of healing is unusually fast.
When hurt, damage is shared between your health and your magic reserves.
Your bite disrupts and absorbs the magic of your enemies.
Potions cannot restore your health.
Your flesh is cold resistant. (rC+)
Your muscles are strong. (Str +4, Int/Dex -1)


   Skills:
 - Level 2.6 Fighting
 + Level 6.8 Short Blades
 - Level 1.5 Armour
 - Level 1.5 Dodging


You had 5 spell levels left.
You didn't know any spells.
Your spell library was empty.

Inventory:

Hand Weapons
 a - a +0 short sword (weapon) {short}
Missiles
 m - 4 poisoned darts (quivered) {throwing}
 p - a curare-tipped dart {=fthrowing}
Armour
 o - a +0 ring mail (worn)
   (You took it off Duvessa on level 4 of the Dungeon)
 q - a +0 pair of boots
   (You found it on level 5 of the Dungeon)
Jewellery
 c - a ring of positive energy (left hand)
   (You found it on level 1 of the Dungeon)
 g - a +6 ring of intelligence (right hand)
   (You found it on level 5 of the Dungeon)
Scrolls
 f - a scroll of magic mapping {unknown}
 h - 2 scrolls of enchant armour {unknown}
 i - 3 scrolls of teleportation {unknown}
 j - a scroll of amnesia {unknown}
Potions
 b - 2 potions of haste {unknown}
 d - 2 potions of cancellation {unknown}
 e - 2 potions of curing {@q1}
 k - a potion of might {unknown}
 l - a potion of mutation {!q}
 n - a potion of ambrosia {unknown}

Dungeon Overview and Level Annotations

Branches:
Dungeon (6/15) Zot: 26871
 Temple: D:4-7

Altars:
Gozag
Zin

Shops:
D:4 =

Annotations:
D:6 Pikel

# #..#....# #.#.#.#..
#...(...# ........#
##.......# #.#.#.#.#
#........# ........#
#........# #.#.#.#.#
##........#
........####........<#
#.#.#.#.##.[.........#
...........z@........#
.....#...####........#
... ##### ##.......# .
#######... ####


You could see a wight.


Message History

The poisoned dart {throwing} hits the ogre.
The ogre looks even sicker. 😨 HP[+1] MP[+1] Throw: 3 darts (poison) {throwing}
Press: ? - help, Q - select action Shift-Dir - straight line, f/p - ogre
Aim: an ogre, wielding a +0 giant spiked club (severely wounded, very poisoned, slow, 74% to hit)
You throw a poisoned dart {throwing}.
The poisoned dart {throwing} closely misses the ogre. 😨 HP[+1] 😨 HP[+1]
The ogre is no longer moving slowly. 😨 HP[+1] Throw: 2 darts (poison) {throwing}
Press: ? - help, Q - select action Shift-Dir - straight line, f/p - ogre
Aim: an ogre, wielding a +0 giant spiked club (almost dead, poisoned, 74% to hit)
You throw a poisoned dart {throwing}.
The poisoned dart {throwing} hits the ogre. 😮 HP[+1] 😮 HP[+1] 😮 HP[+1] 😮 HP[+1] Trog accepts your kill.
You feel a bit more experienced. 😮 HP[+1] 😮 HP[+1]
You start resting. 😎 HP[+10] MP[+1]
Your hp is fully restored (32). 😎 MP[+1]
Things that are here:
a +0 giant spiked club {mace}; an ogre corpse
m - 2 poisoned darts {throwing} (gained 1)
m - 3 poisoned darts {throwing} (gained 1) 😎 MP[+1]
m - 4 poisoned darts {throwing} (gained 1)
p - a curare-tipped dart {=fthrowing} You see here a +0 short sword {short}. 😎 MP[+1]
You now have 87 gold pieces (gained 13). 😎 MP[+1]
Your mp is fully restored (7).
There is a stone staircase leading down here.
You climb downwards.
There is a stone staircase leading up here.
i - 3 scrolls labelled PADAAMUTWI (gained 1)
Found an escape hatch in the ceiling. 2 lemures come into view.
The lemure shouts!
A lemure comes into view.
Pikel, Merchant of Souls comes into view.
He is wielding a +2 whip of freezing.
Pikel shouts!
The lemure shouts!
You hear a shout!
There is a stone staircase leading up here.
You can't go down here!
You climb upwards.
There is a stone staircase leading down here.
There is a stone staircase leading down here.
You climb downwards.
Level annotation: Pikel
There is a stone staircase leading up here.
You see here a +0 ring mail.
A wight comes into view. It is wielding a +0 scimitar.
You hit the wight. Your bite misses the wight.
The wight hits you with a +0 scimitar! 😕 HP[-7] MP[-1]
You take 7 damage, and now have 25/32 hp.
MASSIVE DAMAGE!! (PAUSE)
You lost 1 mp, and now have 6/7 mp.
You hit the wight.
The wight hits you with a +0 scimitar. 😮 HP[-4] MP[-2]
You take 4 damage, and now have 21/32 hp.
You lost 2 mp, and now have 4/7 mp.
You hit the wight but do no damage. 😮 HP[+1]
You barely miss the wight. You bite the wight. You drain its power.
You feel invigorated.
The wight barely misses you. 😮 HP[+1] MP[+3]
Your mp is fully restored (7).
Unknown command.
You closely miss the wight. Your bite misses the wight.
The wight hits you with a +0 scimitar!
* * * LOW HITPOINT WARNING * * *
😨 HP[-8] MP[-2]
You take 8 damage, and now have 15/32 hp.
MASSIVE DAMAGE!! (PAUSE)
You lost 2 mp, and now have 5/7 mp.
You hit the wight. You bite the wight. You drain its power.
You feel invigorated. 😨 HP[+1] MP[+2]
Your mp is fully restored (7).
You hit the wight but do no damage. Your bite misses the wight.
The wight hits you with a +0 scimitar!
* * * LOW HITPOINT WARNING * * *
You partially resist.
You feel drained. 😨 HP[-5] MP[-4]
You now have 31 max hp (-1).
You take 5 damage, and now have 11/31 hp.
You lost 4 mp, and now have 3/7 mp.
You hit the wight but do no damage. The wight hits you with a +0 scimitar!
You die...

Skill      XL: |  1  2  3  4  5 |
---------------+----------------+-----
Short Blades   | 3 4 5 6 |  6.8
Fighting       | |  2.6
Armour         | |  1.5
Dodging        | |  1.5

Action                     |  1- 3 |  4- 6 || total
---------------------------+-------+-------++-------
  Melee: Short sword       |    85 |    67 ||   152
         Bite              |    20 |    16 ||    36
         Punch             |       |     1 ||     1
  Throw: Dart              |       |     5 ||     5
 Invoke: Berserk           |       |     2 ||     2
    Use: Scroll            |     3 |       ||     3
         Potion            |     1 |       ||     1
 Armour: Animal skin       |     1 |       ||     1
         Leather armour    |     9 |       ||     9
         Ring mail         |       |    10 ||    10
  Dodge: Dodged            |    42 |    27 ||    69

Levels and vault maps discovered:
D:1:      roderic_crossed_star, layout_basic, serial_shops, shop, serial_forest,
          infiniplex_forest_clump_long, infiniplex_forest_corner_2,
          infiniplex_forest_lined_ring, infiniplex_forest_straight_4,
          infiniplex_forest_straight_4
D:2:      layout_basic, uniq_sigmund, uniq_crazy_yiuf_cottage, uniq_robin
D:3:      layout_basic, grunt_gozag_breadcrumbs, okawaru_ov_weapons_minmay,
          mainiacjoe_overflow_paths, uniq_grinder
D:4:      layout_layer_cave, general_overflow_altar,
          minmay_shop_enchanted_jewellery, uniq_menkaure
D:5:      layout_loops_ring, slow_altar_1, fedhas_bush_and_centaur_altar,
          uniq_eustachio, uniq_duvessa, uniq_ijyb
D:6:      layout_cave_pods, xom_redecorated, serial_co_window_serial,
          co_window_paths_a, co_window_paths_a, co_window_paths_a,
          co_window_corner_a, co_window_paths_a, co_window_corner_a,
          co_window_2corner, co_window_2corner, co_window_broadway_a,
          co_window_of_opportunity_c, co_window_corner_b,
          co_window_unsneaky_path_a, glass_columns_b, glass_columns_b,
          glass_columns_c, glass_columns_b, glass_columns_b, serial_shops, shop,
          nicolae_shop_real_fake_doors, nicolae_shop_drivethru,
          uniq_blork_the_orc, uniq_pikel

Notes
Turn   | Place    | Note
-------+----------+-------------------------------------------
     0 | D:1      | MackTheKnife the Vine Stalker Berserker began the quest for
                  | the Orb.
     0 | D:1      | Reached XP level 1. HP: 11/11 MP: 2/2
     0 | D:1      | magus.rc [v1.9.6]
    44 | D:1      | Reached skill level 3 in Short Blades
    68 | D:1      | Reached XP level 2. HP: 16/16 MP: 3/3
   230 | D:3      | Gained mutation: Your flesh is cold resistant. (rC+)
                  | [potion of mutation]
   230 | D:3      | Gained mutation: Your muscles are strong. (Str +4, Int/Dex
                  | -1) [potion of mutation]
   326 | D:3      | Reached XP level 3. HP: 12/19 MP: 4/4
   371 | D:3      | Found an opulent altar of Gozag.
   448 | D:4      | Reached skill level 4 in Short Blades
   610 | D:5      | Entered Level 5 of the Dungeon
   680 | D:4      | Gained mutation: Your natural rate of healing is unusually
                  | fast. [Vine Stalker growth]
   680 | D:4      | Reached XP level 4. HP: 13/23 MP: 3/5
   687 | D:4      | Found Vihaw's Jewellery Boutique.
   701 | D:4      | Found a glowing silver altar of Zin.
   710 | D:5      | Noticed Duvessa
   710 | D:5      | Noticed Dowan
   724 | D:4      | Killed Dowan
   725 | D:4      | Reached skill level 5 in Short Blades
   725 | D:4      | Reached XP level 5. HP: 20/27 MP: 3/6
   726 | D:4      | Killed Duvessa
   777 | D:5      | Reached skill level 6 in Short Blades
   777 | D:5      | Reached XP level 6. HP: 20/32 MP: 5/7
   832 | D:5      | HP: 12/48 [kobold brigand/+0 dagger (4)]
   886 | D:5      | HP: 3/32 [ogre/+0 giant spiked club (29)]
  1008 | D:6      | Noticed Pikel
  1085 | D:6      | Slain by a wight

Vanquished Creatures
  Duvessa (D:4)
  An ogre (D:5)
  A kobold brigand (D:5)
  Dowan (D:4)
  A hound (D:4)
  An iguana (D:5)
  An adder (D:4)
  An ufetubus (D:5)
  A dart slug (D:2)
  2 orcs
  4 endoplasms
  2 giant cockroaches (D:3)
  6 hobgoblins
  A ball python (D:1)
  3 frilled lizards
  8 kobolds
  2 rats (D:1)
37 creatures vanquished.

Vanquished Creatures (collateral kills)
  A quokka (D:2)
1 creature vanquished.

Grand Total: 38 creatures vanquished

Table legend:
 A = Non-vault XP
 B = Vault XP
 C = Vault XP percentage of total XP
 D = Non-vault monster count
 E = Vault monster count
 F = Vault count percentage of total count
                 A         B        C        D         E       F
            +---------+---------+-------+---------+---------+-------
      Total |     370 |     209 |  36.1 |      36 |       2 |   5.3
            +---------+---------+-------+---------+---------+-------
        D:1 |      10 |       0 |   0.0 |       7 |       0 |   0.0
        D:2 |      12 |       0 |   0.0 |       6 |       0 |   0.0
        D:3 |      16 |       0 |   0.0 |       8 |       0 |   0.0
        D:4 |      61 |     209 |  77.4 |       4 |       2 |  33.3
        D:5 |     271 |       0 |   0.0 |      11 |       0 |   0.0
            +---------+---------+-------+---------+---------+-------

Skill      XL: |  1  2  3  4  5 |
---------------+----------------+-----
Short Blades   | 3 4 5 6 |  6.8
Fighting       | |  2.6
Armour         | |  1.5
Dodging        | |  1.5

Action                     |  1- 3 |  4- 6 || total
---------------------------+-------+-------++-------
  Melee: Short sword       |    85 |    67 ||   152
         Bite              |    20 |    16 ||    36
         Punch             |       |     1 ||     1
  Throw: Dart              |       |     5 ||     5
 Invoke: Berserk           |       |     2 ||     2
    Use: Scroll            |     3 |       ||     3
         Potion            |     1 |       ||     1
 Armour: Animal skin       |     1 |       ||     1
         Leather armour    |     9 |       ||     9
         Ring mail         |       |    10 ||    10
  Dodge: Dodged            |    42 |    27 ||    69

Illustrated notes

Table legend:
 A = Kills in this place as a percentage of kills in the entire game.
 B = Kills by you in this place as a percentage of kills by you in the entire game.
 C = Kills by friends in this place as a percentage of kills by friends in the entire game.
 D = Other kills in this place as a percentage of other kills in the entire game.
 E = Experience gained in this place as a percentage of experience gained in the entire game.
 F = Experience gained in this place divided by the number of levels of this place that you have seen.
                   A       B       C       D       E      F
               +-------+-------+-------+-------+-------+----------------------
         Total | 100.0 | 100.0 | 100.0 |   N/A | 100.0 |  96.5
       Dungeon | 100.0 | 100.0 | 100.0 |   N/A | 100.0 |  96.5
               +-------+-------+-------+-------+-------+----------------------

Table legend: (Time is in decaauts)
 A = Elapsed time spent in this place.
 B = Non-inter-level travel time spent in this place.
 C = Inter-level travel time spent in this place.
 D = Time resting spent in this place.
 E = Time spent auto-exploring this place.
 F = Levels seen in this place.
 G = Mean time per level.
                   A        B        C        D        E       F      G
               +--------+--------+--------+--------+--------+-----+--------+
         Total |   1074 |   1000 |     74 |      9 |     25 |   6 |  179.0 |
       Dungeon |   1074 |   1000 |     74 |      9 |     25 |   6 |  179.0 |
               +--------+--------+--------+--------+--------+-----+--------+

Top non-repeatable levels by time:
     D:4: 321 daAuts
     D:3: 212 daAuts
     D:5: 208 daAuts
     D:6: 122 daAuts
     D:2: 110 daAuts
     D:1: 100 daAuts
